Map: Thunderbird LE

Players

AVVIK - Winner!

  • Race: Protoss Protoss
  • League: Master
  • Spawn Location: 11:00

Mez

  • Race: Terran Terran
  • League: Master
  • Spawn Location: 5:00

VOD

Have the link to the VOD?

Description

Time

  • Played on: Aug. 11, 2019, 2:27 p.m.
  • Length: 6:44
Show
View Real Time Build Order
Export as new Build Order

AVVIK Protoss - Winner!

Build Orders: 1 Gate Expand, Blink Stalkers 

Get SALT Encoding   

  12  0:00  Probe  
  13  0:12  Probe  
  14  0:17  Pylon  
  14  0:21  Probe  
  15  0:31  Probe  
  16  0:37  Gateway  
  16  0:42  Probe  
  16  0:46  Assimilator  
  17  0:53  Probe  
  18  1:01  Probe  
  18  1:09  Probe  
  20  1:25  Cybernetics Core  
  20  1:32  Nexus  
  20  1:40  Pylon  
  20  1:46  Probe  
  21  1:49  Assimilator  
  21  1:55  Stalker  
  21  1:58  Probe  
  22  2:02  Warp Gate  
  24  2:11  Probe  
  25  2:23  Probe  
  25  2:26  Sentry  
  28  2:35  Probe  
  29  2:43  Probe  
  28  2:47  Probe, Twilight Council  
  30  2:52  Probe  
  30  2:55  Blink  
  30  2:56  Stalker  
  33  2:59  Probe  
  33  3:01  Probe  
  35  3:11  Probe  
  36  3:13  Gateway  
  36  3:14  Probe  
  36  3:15  Gateway  
  37  3:23  Probe  
  37  3:26  Probe  
  39  3:35  Probe  
  39  3:38  Probe  
  41  3:47  Probe  
  42  3:49  Robotics Facility  
  42  3:50  Probe  
  42  3:53  Assimilator  
  43  3:59  Probe  
  43  4:02  Probe  
  45  4:08  Pylon  
  45  4:12  Probe  
  45  4:14  Pylon  
  46  4:17  Gateway  
  46  4:18  Gateway  
  46  4:26  Probe x2  
  46  4:29  Stalker x2  
  46  4:30  Gateway  
  52  4:31  Gateway  
  52  4:32  Stalker  
  52  4:34  Charge  
  52  4:36  Pylon  
  54  4:39  Observer  
  54  4:43  Pylon  
  55  4:49  Gateway  
  55  4:53  Zealot x2  
  55  4:56  Pylon  
  59  5:07  Zealot  
  59  5:11  Zealot  
  59  5:12  Zealot  
  59  5:13  Zealot  
  67  5:14  Zealot  
  67  5:20  Warp Prism  
  71  5:28  Zealot x2  
  75  5:34  Zealot x2  
  79  5:40  Pylon  
  79  5:58  Pylon  
  79  6:13  Zealot x6  
  79  6:14  Zealot  
  93  6:19  Pylon  
  93  6:20  Pylon  
  89  6:31  Zealot  
  79  6:35  Zealot x7  
Show
View Real Time Build Order
Export as new Build Order

Mez Terran 

Build Orders: Reaper Expand 

Get SALT Encoding   

  12  0:00  SCV  
  13  0:13  SCV  
  14  0:17  Supply Depot  
  14  0:25  SCV  
  15  0:39  SCV  
  15  0:40  Barracks  
  16  0:44  Refinery  
  16  0:51  SCV  
  17  1:03  SCV  
  18  1:16  SCV  
  19  1:29  Reaper, Orbital Command  
  20  1:47  Command Center  
  20  1:56  SCV  
  20  1:57  Bunker  
  20  1:58  Supply Depot  
  21  2:01  Barracks Reactor  
  21  2:08  SCV  
  22  2:20  SCV  
  23  2:39  Marine x2  
  23  2:41  SCV  
  26  2:45  Factory  
  26  2:54  Command Center  
  26  2:56  Marine  
  26  2:57  Marine  
  28  3:00  Orbital Command  
  28  3:01  SCV  
  29  3:13  Refinery, SCV  
  29  3:15  Marine x2  
  32  3:25  SCV  
  33  3:28  SCV  
  33  3:29  Widow Mine  
  33  3:33  Starport  
  36  3:37  SCV  
  36  3:38  Marine x2  
  36  3:40  SCV  
  40  3:49  SCV  
  40  3:52  SCV  
  40  3:53  Widow Mine  
  44  3:58  Marine x2  
  44  4:01  Refinery  
  46  4:06  SCV x2  
  46  4:09  Orbital Command  
  48  4:10  Starport Tech Lab  
  48  4:15  Marine  
  48  4:16  Marine  
  50  4:18  SCV x2, Factory Tech Lab  
  52  4:30  SCV x2  
  52  4:31  Raven  
  56  4:35  SCV  
  57  4:39  Supply Depot  
  57  4:40  Marine x2  
  57  4:42  SCV x2  
  61  4:47  Barracks, Orbital Command  
  61  4:49  Supply Depot  
  61  4:56  Bunker  
  61  5:01  Siege Tank, SCV  
  61  5:06  SCV  
  66  5:07  Barracks, Supply Depot  
  66  5:10  Refinery  
  66  5:13  Engineering Bay, SCV  
  67  5:14  Engineering Bay  
  67  5:16  SCV  
  67  5:18  SCV  
  69  5:25  SCV  
  69  5:27  Starport Reactor  
  70  5:28  Orbital Command  
  70  5:29  SCV  
  70  5:32  Marine x2  
  70  5:33  Siege Tank  
  76  5:38  Barracks  
  76  5:41  SCV x2  
  78  5:45  Barracks  
  78  5:53  SCV  
  78  5:54  SCV  
  80  6:01  Supply Depot  
  80  6:03  SCV, Supply Depot  
  81  6:06  SCV  
  81  6:07  Medivac  
  84  6:15  Missile Turret  
  84  6:16  Factory Reactor  
  84  6:19  Missile Turret  
  84  6:22  Marine  
  84  6:23  Marine, Marauder x2  
Tags
 
Add a new tag
Caveats
  • Supply blocks, unpowered buildings, or Contaminate may cause inaccurate times.
  • Supply counts are checked every 10 seconds.